 Dungeon Crawl Stone Soup version 0.28-a0-479-g5baa6b73be (webtiles) character file.

Game seed: 6646857728875819041

58317 Gargoyl the Fighter (level 14, -42/113 HPs)
             Began as a Gnoll Abyssal Knight on Sept 18, 2021.
             Was a High Priest of Lugonu.
             Annihilated by a reaper (45 damage)
             ... in a Gauntlet.
             The game lasted 00:33:38 (24816 turns).

Gargoyl the Fighter (Gnoll Abyssal Knight)         Turns: 24816, Time: 00:33:39

Health: -42/113    AC: 14    Str: 16    XL:     14   Next: 90%
Magic:  27/27      EV: 18    Int: 18    God:    Lugonu [*****.]
Gold:   900        SH: 12    Dex: 19    Spells: 32/32 levels left

rFire   . . .      SeeInvis .   F - +8 scimitar of Massacring {elec, Str+3}
rCold   . . .      Faith    .   o - +0 buckler
rNeg    . . .      Spirit   .   t - +0 acid dragon scales
rPois   .          Reflect  +   b - +0 helmet
rElec   +          Harm     .   h - +2 cloak
rCorr   +          Rampage  +   r - +1 pair of gloves
Will    +....      Rage     1%  z - +0 pair of boots Stlth ++++......NoTele +
                                s - amulet "Postra" {Reflect Rampage Int+8 SH+5}
HPRegen 0.28/turn               K - +4 ring of slaying
MPRegen 0.20/turn               j - +6 ring of dexterity

@: lethally poisoned (-42 -> -93)
A: fangs 1, strong nose, distributed training, hooves 1, agile 1, berserk 1,
deformed body, deterioration 1, dopey 1, electricity resistance, weak 2, wild
magic 1
a: Renounce Religion, Depart the Abyss, Bend Space, Banish, Corrupt, Enter the
Abyss


You were in a Gauntlet.
You worshipped Lugonu.
Lugonu was extremely pleased with you.
You visited 2 branches of the dungeon, and saw 17 of its levels.
You visited the Abyss 2 times.
You also visited: Bailey and Gauntlet.

You collected 1082 gold pieces.
You spent 182 gold pieces at shops.

Inventory:

Hand Weapons
 a - a +3 hand axe
 g - a +7 war axe of freezing
 F - the +8 scimitar of Massacring (weapon) {elec, Str+3}
   (You found it on level 9 of the Dungeon)

   It occasionally discharges a powerful burst of electricity upon striking a
   foe.
   Str:       It affects your strength (+3).
 H - a +2 falchion of holy wrath
Missiles
 e - 80 poisoned darts (quivered)
 p - 6 curare-tipped darts
 N - a throwing net
Armour
 b - a +0 helmet (worn)
 h - a +2 cloak (worn)
 o - a +0 buckler (worn)
 r - a +1 pair of gloves (worn)
 t - +0 acid dragon scales (worn)
 z - a +0 pair of boots (worn)
Jewellery
 j - a +6 ring of dexterity (right hand)
 m - a ring of poison resistance
 s - the amulet "Postra" (around neck) {Reflect Rampage Int+8 SH+5}
   (You found it in a Gauntlet)

   [amulet of reflection]

   It reflects blocked missile attacks.
   Int:       It affects your intelligence (+8).
   SH:        It affects your SH (+5).
   Rampage:   It bestows one free step when moving towards enemies.
 y - a ring of protection from fire
 E - a ring of flight
 K - a +4 ring of slaying (left hand)
 O - the ring of Huineic {rCorr Int+6}
   (You found it in a Gauntlet)

   [ring of resist corrosion]

   Int:       It affects your intelligence (+6).
   rCorr:     It protects you from acid and corrosion.
Wands
 v - a wand of iceblast (16)
 w - a wand of digging (19)
 A - a wand of acid (12)
 B - a wand of charming (14)
 G - a wand of polymorph (9)
 L - a wand of mindburst (12)
Scrolls
 d - 3 scrolls of enchant armour
 i - 16 scrolls of identify
 u - a scroll of blinking
 I - 4 scrolls of teleportation
 M - a scroll of fog
 P - 2 scrolls of summoning {unknown}
Potions
 c - a potion of resistance
 f - 3 potions of curing
 k - 3 potions of flight
 l - 2 potions of invisibility
 n - 6 potions of haste
 q - 4 potions of brilliance
 x - 2 potions of heal wounds
 C - 2 potions of might
 D - a potion of ambrosia
 J - 3 potions of mutation


   Skills:
 + Level 11.4 Fighting
 + Level 9.6 Short Blades
 + Level 9.6 Long Blades
 + Level 10.6 Axes
 + Level 9.6 Maces & Flails
 + Level 9.6 Polearms
 + Level 9.6 Staves
 + Level 9.6 Slings
 + Level 9.6 Bows
 + Level 9.6 Crossbows
 + Level 9.6 Throwing
 + Level 10.6 Armour
 + Level 9.9 Dodging
 + Level 9.6 Stealth
 + Level 9.6 Shields
 + Level 9.6 Unarmed Combat
 + Level 9.6 Spellcasting
 + Level 8.0 Conjurations
 + Level 8.0 Hexes
 + Level 8.0 Summonings
 + Level 8.0 Necromancy
 + Level 8.0 Translocations
 + Level 8.0 Transmutations
 + Level 8.0 Fire Magic
 + Level 8.0 Ice Magic
 + Level 8.0 Air Magic
 + Level 8.0 Earth Magic
 + Level 8.0 Poison Magic
 + Level 11.3 Invocations
 + Level 9.6 Evocations


You had 32 spell levels left.
You didn't know any spells.
Your spell library contained the following spells:

 Spells                   Type           Power      Damage    Failure   Level
 Magic Dart               Conj           100%       1d8       1%          1
 Summon Small Mammal      Summ           100%       N/A       1%          1
 Call Imp                 Summ           48%        N/A       1%          2
 Ensorcelled Hibernation  Hex/Ice        96%        N/A       1%          2
 Slow                     Hex            48%        N/A       1%          2
 Sublimation of Blood     Necr           24%        N/A       1%          2
 Wereblood                Tmut           48%        N/A       1%          2
 Call Canine Familiar     Summ           48%        N/A       2%          3
 Confusing Touch          Hex            48%        N/A       2%          3
 Frozen Ramparts          Ice            96%        1d11      2%          3
 Gell's Gravitas          Tloc           24%        N/A       2%          3
 Lesser Beckoning         Tloc           48%        N/A       2%          3
 Mephitic Cloud           Conj/Pois/Air  48%        N/A       2%          3
 Summon Guardian Golem    Hex/Summ       48%        N/A       2%          3
 Teleport Other           Tloc           48%        N/A       2%          3
 Tukima's Dance           Hex            48%        N/A       2%          3
 Animate Armour           Summ/Erth      96%        N/A       6%          4
 Ice Form                 Ice/Tmut       48%        N/A       6%          4
 Olgreb's Toxic Radiance  Pois           48%        N/A       6%          4
 Passage of Golubria      Tloc           N/A        N/A       6%          4
 Summon Ice Beast         Ice/Summ       48%        N/A       6%          4
 Blade Hands              Tmut           24%        N/A       16%         5
 Silence                  Hex/Air        24%        N/A       16%         5
 Yara's Violent Unravell  Hex/Tmut       24%        3d11      16%         5
 Conjure Ball Lightning   Conj/Air       24%        3x3d7     61%         6
 Iron Shot                Conj/Erth      24%        9d5       61%         6
 Ozocubu's Refrigeration  Ice            24%        4d9       98%         7
 Summon Hydra             Summ           24%        N/A       98%         7
 Discord                  Hex            24%        N/A       100%        8
 Disjunction              Tloc           24%        N/A       100%        8
 Ignition                 Fire           24%        3d8       100%        8
 Lehudib's Crystal Spear  Conj/Erth      24%        10d7      100%        8


Dungeon Overview and Level Annotations

Branches:
Dungeon (11/15)            Temple (0/1) D:5            Lair (6/6) D:11
  Swamp (0/4) Lair:2       Spider (0/4) Lair:4        Slime (0/5) Lair:6
 Bailey (visited)         Gauntlet (1/1)
    Orc: D:9-12

Altars:
Qazlal
Trog

Shops:
D:4 (

Annotations:
Abyss:1 Gargoyl's ghost, novice GnAK; Menkaure Gauntlet 9 transporters, corrupted, 16 runed translucent doors


Innate Abilities, Weirdness & Mutations

You have very sharp teeth.
Your uncanny sense of smell can sniff out nearby items.
Your experience applies equally to all skills.
You have large cloven feet.
You are agile. (Dex +2)
You tend to lose your temper in combat.
Armour fits poorly on your strangely shaped body.
Your body sometimes deteriorates upon taking damage.
You are dopey. (Int -2)
You are resistant to electric shocks. (rElec)
You are very weak. (Str -4)
Your spells are a little harder to cast, but a little more powerful.


Message History

You avoid being caught in a net.
There is a net trap here.
There is a transporter here.
n - 6 potions of haste (gained 1)
There is a transporter here.
J - 3 potions of mutation (gained 1)
There is a transporter here.
You enter the transporter and appear at another place.
There is a transporter here.
There is a transporter here.
You enter the transporter and appear at another place.
You open the door.
The hellwing gives a chilling moan.
The shadow imp shouts!
There is an open translucent door here.
You open the large door.
There is a large open translucent door here.
You open the large door.
The reaper hits you with a +1 scythe of venom!!!
You are poisoned.
There is a large open translucent door, spattered with blood here.
You slash the reaper!
The reaper is lightly wounded.
You feel extremely sick.
The reaper hits you with a +1 scythe of venom!
You are more poisoned.
You slash the reaper!
The reaper is moderately wounded.
You feel extremely sick.
The hellwing swoops through the air toward you!
The hellwing misses you. You block the hellwing's attack.
The reaper hits you with a +1 scythe of venom!!
* * * LOW HITPOINT WARNING * * *
You are more poisoned.
You hit the reaper. Lightning courses through the reaper!
The reaper is heavily wounded.
* * * LOW HITPOINT WARNING * * *
You feel extremely sick. You block the hellwing's attack.
The hellwing barely misses you.
The reaper hits you with a +1 scythe of venom!!!
You die...

#######.#############....≈###
.......©...........©#.....#8#
#########################.###
#.#.........#.#..+.©.+..#.#
#)#.......#.#.#..+...+..#.###
..#....##...#.#++#'#+#++#.#8#
..#.#...###.#.#..'...+..#.###
....#.#©..#.#.#.4'...+..#.#
..)...###...#.#'@#...#++#.###
#)..#...###.#.#.2#+++#..#.#8#
#.#.###...#.#.#.5.......#.###
#.#....©....#.#..[[©.!..#.#
#.###########.###########.###
..........................#8#
..#....#.................≈###
#####..####################
8.######.# #8# #8# #8# #8#


You could see a reaper, a hellwing and a shadow imp.

Vanquished Creatures
  Kirke (Lair:5)
  A minotaur (Gauntlet)
  A boulder beetle (Lair:3)
  A centaur warrior (D:11)
  Harold (Lair:1)
  2 tengu warriors (D:10)
  A two-headed ogre (D:7)
  The ghost of Heedrag the Grappler, a novice TrTm of Makhleb (D:7)
  10 death yaks
  Sonja (D:10)
  3 bog bodies (Lair:2)
  The ghost of Heedrag the Cudgeller, a novice MiFi (D:9)
  An ugly thing (D:11)
  A cyclops (D:8)
  A manticore (D:11)
  A shining eye (Gauntlet)
  11 elephants
  A moth of wrath (D:7)
  Maurice (D:11)
  2 black mambas
  7 cane toads
  An unseen horror (D:11)
  5 rime drakes
  8 komodo dragons
  A kobold demonologist (D:11)
  An ice devil (Gauntlet)
  A troll (D:11)
  A meliai (Gauntlet)
  A raiju (Gauntlet)
  22 blink frogs
  3 shadows
  Sigmund (D:3)
  4 flying skulls (Gauntlet)
  2 wraiths (D:11)
  6 wyverns
  A redback (Lair:4)
  51 yaks
  7 hogs
  A golden eye (Gauntlet)
  5 basilisks
  A vampire mosquito (D:11)
  2 swamp worms (Lair:2)
  16 water moccasins
  5 acid dragons
  A hornet zombie (D:8)
  A floating eye (Gauntlet)
  4 orc warriors
  4 black bears
  An ice beast (D:5)
  14 wolves
  2 centaurs
  4 ogres
  3 kobold brigands
  A gnoll sergeant (D:6)
  12 bullfrogs
  3 scorpions
  A wyvern skeleton (D:7)
  3 water moccasin zombies (D:6)
  A water moccasin skeleton (D:5)
  3 electric eels (Lair:2)
  4 wights (D:9)
  3 howler monkeys (D:9)
  A crimson imp (D:8)
  4 centaur zombies
  A bullfrog zombie (D:6)
  A centaur skeleton (D:5)
  A jelly (D:7)
  9 orc priests
  3 gnoll shamans
  2 hounds
  4 quasits (D:6)
  2 iguanas (D:6)
  15 orc wizards
  2 lightning spires (Gauntlet)
  2 hound skeletons
  A howler monkey zombie (D:7)
  20 gnolls
  4 adders
  A howler monkey skeleton (D:5)
  A shadow imp (D:6)
  5 white imps
  An ufetubus (D:5)
  A dart slug (D:2)
  35 orcs
  7 ball pythons
  3 endoplasms
  4 giant cockroaches
  3 goblins
  7 hobgoblins
  7 jackals
  3 quokkas
  8 bats
  2 frilled lizards
  17 kobolds
  4 rats
442 creatures vanquished.

Vanquished Creatures (others)
  An ogre mage (D:11)
  An apocalypse crab (Gauntlet)
  2 meliai (Gauntlet)
  31 demonic plants (Gauntlet)
  18 fungi
  28 plants
  11 starspawn tentacles (Gauntlet)
92 creatures vanquished.

Grand Total: 534 creatures vanquished

Notes
Turn   | Place    | Note
-------+----------+-------------------------------------------
     0 | Abyss:1  | Gargoyl the Gnoll Abyssal Knight began the quest for the
                  | Orb.
     0 | Abyss:1  | Reached XP level 1. HP: 23/23 MP: 3/3
    89 | Abyss:2  | Noticed a raiju
    90 | D:1      | Escaped the Abyss
   122 | D:1      | Reached * piety under Lugonu
   189 | D:1      | Reached XP level 2. HP: 29/29 MP: 5/5
   487 | D:1      | Reached XP level 3. HP: 29/35 MP: 6/6
   890 | D:2      | Reached ** piety under Lugonu
   899 | D:2      | Reached skill level 1 in Short Blades
   899 | D:2      | Reached skill level 1 in Long Blades
   899 | D:2      | Reached skill level 1 in Maces & Flails
   899 | D:2      | Reached skill level 1 in Polearms
   899 | D:2      | Reached skill level 1 in Staves
   899 | D:2      | Reached skill level 1 in Slings
   899 | D:2      | Reached skill level 1 in Bows
   899 | D:2      | Reached skill level 1 in Crossbows
   899 | D:2      | Reached skill level 1 in Throwing
   899 | D:2      | Reached skill level 1 in Stealth
   899 | D:2      | Reached skill level 1 in Shields
   899 | D:2      | Reached skill level 1 in Unarmed Combat
   899 | D:2      | Reached skill level 1 in Spellcasting
   899 | D:2      | Reached skill level 1 in Evocations
  1128 | D:2      | Found a faded altar of an unknown god.
  1225 | D:2      | Reached XP level 4. HP: 40/41 MP: 7/7
  1532 | D:3      | You fall into a shaft and drop 2 floors!
  1532 | D:5      | Entered Level 5 of the Dungeon
  1650 | D:5      | Reached skill level 1 in Conjurations
  1650 | D:5      | Reached skill level 1 in Hexes
  1650 | D:5      | Reached skill level 1 in Summonings
  1650 | D:5      | Reached skill level 1 in Necromancy
  1650 | D:5      | Reached skill level 1 in Translocations
  1650 | D:5      | Reached skill level 1 in Transmutations
  1650 | D:5      | Reached skill level 1 in Fire Magic
  1650 | D:5      | Reached skill level 1 in Ice Magic
  1650 | D:5      | Reached skill level 1 in Air Magic
  1650 | D:5      | Reached skill level 1 in Earth Magic
  1650 | D:5      | Reached skill level 1 in Poison Magic
  1658 | D:5      | Reached XP level 5. HP: 32/47 MP: 8/8
  1957 | D:4      | Reached skill level 5 in Invocations
  1957 | D:4      | Reached XP level 6. HP: 31/53 MP: 9/9
  2252 | D:4      | Found Meghisk's Antique Weapon Boutique.
  2511 | D:3      | Noticed Sigmund
  2522 | D:3      | Killed Sigmund
  2523 | D:3      | Reached skill level 5 in Axes
  2523 | D:3      | Reached skill level 5 in Armour
  2741 | D:3      | Reached XP level 7. HP: 11/59 MP: 10/10
  3560 | D:5      | Reached *** piety under Lugonu
  3869 | D:4      | Bought a runed war axe for 182 gold pieces
  4262 | D:5      | Reached XP level 8. HP: 67/67 MP: 12/12
  4444 | D:5      | Found a staircase to the Ecumenical Temple.
  4985 | D:6      | Reached **** piety under Lugonu
  4990 | D:6      | Reached XP level 9. HP: 21/73 MP: 14/14
  5241 | D:6      | Noticed Gargoyl's ghost (novice GnAK)
  6027 | D:6      | Gained mutation: Your system is resistant to poisons.
                  | (rPois) [potion of mutation]
  6027 | D:6      | Gained mutation: You are dopey. (Int -2) [potion of
                  | mutation]
  6175 | D:6      | Found a transporter.
  6191 | D:6      | Found a transporter.
  6550 | D:6      | Banished Gargoyl's ghost
  6551 | D:6      | Reached skill level 5 in Dodging
  6875 | D:7      | Noticed Menkaure
  6886 | D:7      | Banished Menkaure
  7301 | D:7      | Found a stormy altar of Qazlal.
  7325 | D:7      | Noticed a moth of wrath
  7330 | D:7      | Noticed Heedrag's ghost (novice TrTm)
  7439 | D:7      | Found a transporter.
  7445 | D:7      | Found a transporter.
  7446 | D:7      | Found a bloodstained altar of Trog.
  8324 | D:8      | Reached XP level 10. HP: 76/80 MP: 17/17
  8374 | D:8      | Found a flagged portal.
  8394 | Bailey   | Entered a bailey
  8470 | D:8      | Paralysed by a hornet for 2 turns
  8473 | D:8      | Reached skill level 5 in Short Blades
  8473 | D:8      | Reached skill level 5 in Long Blades
  8473 | D:8      | Reached skill level 5 in Maces & Flails
  8473 | D:8      | Reached skill level 5 in Polearms
  8473 | D:8      | Reached skill level 5 in Staves
  8473 | D:8      | Reached skill level 5 in Slings
  8473 | D:8      | Reached skill level 5 in Bows
  8473 | D:8      | Reached skill level 5 in Crossbows
  8473 | D:8      | Reached skill level 5 in Throwing
  8473 | D:8      | Reached skill level 5 in Stealth
  8473 | D:8      | Reached skill level 5 in Shields
  8473 | D:8      | Reached skill level 5 in Unarmed Combat
  8473 | D:8      | Reached skill level 5 in Spellcasting
  8473 | D:8      | Reached skill level 5 in Evocations
  8815 | D:8      | Noticed a two-headed ogre
  9083 | D:7      | Killed a two-headed ogre
  9368 | D:7      | Killed Heedrag's ghost
  9749 | D:7      | Killed a moth of wrath
 10057 | D:8      | Reached XP level 11. HP: 83/87 MP: 19/19
 11025 | D:9      | Reached skill level 5 in Conjurations
 11025 | D:9      | Reached skill level 5 in Hexes
 11025 | D:9      | Reached skill level 5 in Summonings
 11025 | D:9      | Reached skill level 5 in Necromancy
 11025 | D:9      | Reached skill level 5 in Translocations
 11025 | D:9      | Reached skill level 5 in Transmutations
 11025 | D:9      | Reached skill level 5 in Fire Magic
 11025 | D:9      | Reached skill level 5 in Ice Magic
 11025 | D:9      | Reached skill level 5 in Air Magic
 11025 | D:9      | Reached skill level 5 in Earth Magic
 11025 | D:9      | Reached skill level 5 in Poison Magic
 11168 | D:9      | You fall into a shaft and drop 2 floors!
 11168 | D:11     | Noticed Maurice
 11183 | D:11     | Killed Maurice
 11221 | D:11     | Noticed a green ugly thing
 11235 | D:11     | Killed a green ugly thing
 11335 | D:10     | Entered Level 10 of the Dungeon
 12125 | D:9      | Found a runed translucent gate.
 12125 | D:9      | Found a runed translucent gate.
 12125 | D:9      | Found a runed translucent gate.
 12128 | D:9      | Noticed Heedrag's ghost (novice MiFi)
 12128 | D:9      | Noticed a ten-headed hydra
 12530 | D:9      | Banished a ten-headed hydra
 12543 | D:9      | Killed Heedrag's ghost
 12590 | D:9      | Identified the +8 scimitar of Massacring {elec, Str+3}
 13339 | D:10     | Noticed Sonja
 13339 | D:10     | Noticed a tengu warrior
 13473 | D:10     | Killed a tengu warrior
 13705 | D:8      | Noticed a cyclops
 13717 | D:8      | Killed a cyclops
 13718 | D:8      | Reached XP level 12. HP: 73/96 MP: 22/22
 13868 | D:10     | Cast into level 2 of the Abyss (Sonja)
 13882 | Abyss:2  | Found a corrupted altar of Lugonu.
 13946 | D:10     | Escaped the Abyss
 13950 | D:10     | Killed Sonja
 14025 | D:10     | Noticed a tengu warrior
 14047 | D:10     | Killed a tengu warrior
 14623 | D:11     | Lost mutation: Your system is resistant to poisons. (rPois)
                  | [potion of mutation]
 14623 | D:11     | Lost mutation: You are dopey. (Int -2) [potion of mutation]
 14623 | D:11     | Gained mutation: You are resistant to electric shocks.
                  | (rElec) [potion of mutation]
 14623 | D:11     | Gained mutation: You have large cloven feet. [potion of
                  | mutation]
 14623 | D:11     | Gained mutation: You are agile. (Dex +2) [potion of
                  | mutation]
 14730 | D:11     | Noticed a centaur warrior
 14739 | D:11     | Killed a centaur warrior
 14986 | D:11     | Noticed an ogre mage
 14990 | D:11     | Killed an ogre mage
 14993 | D:11     | Reached skill level 10 in Fighting
 15471 | D:11     | Found a staircase to the Lair.
 15896 | Lair:1   | Entered Level 1 of the Lair of Beasts
 16101 | Lair:1   | Noticed a four-headed hydra
 16122 | Lair:1   | Banished a ten-headed hydra
 16123 | Lair:1   | Reached XP level 13. HP: 46/103 MP: 19/24
 17122 | Lair:2   | Noticed Harold
 17298 | Lair:2   | Reached skill level 10 in Invocations
 17469 | Lair:2   | Reached ***** piety under Lugonu
 18336 | Lair:1   | Killed Harold
 19054 | Lair:2   | Found a staircase to the Swamp.
 19211 | Lair:3   | Identified a scroll of acquirement
 19211 | Lair:3   | Acquired a +4 ring of slaying
 19905 | Lair:3   | Reached XP level 14. HP: 75/111 MP: 26/26
 20733 | Lair:4   | Reached skill level 10 in Axes
 20733 | Lair:4   | Reached skill level 10 in Armour
 20983 | Lair:4   | Found a hole to the Spider Nest.
 21022 | Lair:4   | Noticed Kirke
 21286 | Lair:4   | Noticed a sphinx
 21338 | Lair:4   | Paralysed by a sphinx for 2 turns
 21358 | Lair:5   | Killed Kirke
 23401 | Lair:6   | Entered Level 6 of the Lair of Beasts
 23422 | Lair:6   | Identified the amulet "Umpok" {RegenMP rF- Int+7}
 23448 | Lair:6   | Found a gate leading to a gauntlet.
 23488 | Gauntlet | Entered a Gauntlet
 23488 | Gauntlet | Found a transporter.
 23498 | Gauntlet | Found a transporter.
 23500 | Gauntlet | Found a transporter.
 23500 | Gauntlet | Found a transporter.
 23525 | Gauntlet | Found a transporter.
 23527 | Gauntlet | Found a transporter.
 23550 | Gauntlet | Found a transporter.
 23565 | Gauntlet | Found a transporter.
 23571 | Gauntlet | Found a transporter.
 23586 | Gauntlet | Found a transporter.
 23608 | Gauntlet | Found a transporter.
 23620 | Gauntlet | Found a transporter.
 23632 | Gauntlet | Found a transporter.
 23644 | Gauntlet | Found a transporter.
 23659 | Gauntlet | Corrupted Gauntlet
 23659 | Gauntlet | Noticed a balrug
 23659 | Gauntlet | Noticed a lich
 23659 | Gauntlet | Noticed a lich
 23659 | Gauntlet | Noticed a tentacled starspawn
 23659 | Gauntlet | Noticed a tentacled starspawn
 23660 | Gauntlet | Found a transporter.
 23660 | Gauntlet | Noticed a tentacled starspawn
 23687 | Gauntlet | Identified the amulet "Postra" {Reflect Rampage Int+8 SH+5}
 24158 | Gauntlet | Identified the +1 leather armour "Caxiam" {Drain rN+ Int+4}
 24369 | Gauntlet | Identified the -5 cloak "Ceclace" {rF+ Str+2}
 24448 | Gauntlet | Found a large runed translucent door.
 24448 | Gauntlet | Noticed a reaper
 24450 | Gauntlet | Found a large runed translucent door.
 24450 | Gauntlet | Found a large runed translucent door.
 24450 | Gauntlet | Identified the ring of Huineic {rCorr Int+6}
 24452 | Gauntlet | Found a large runed translucent door.
 24452 | Gauntlet | Found a large runed translucent door.
 24452 | Gauntlet | Found a large runed translucent door.
 24452 | Gauntlet | Found a large runed translucent door.
 24469 | Gauntlet | Found a large runed translucent door.
 24595 | Gauntlet | Found a runed translucent gate.
 24596 | Gauntlet | Found a transporter.
 24596 | Gauntlet | Found a runed translucent gate.
 24597 | Gauntlet | Found a runed translucent gate.
 24598 | Gauntlet | Found a large runed translucent door.
 24598 | Gauntlet | Found a large runed translucent door.
 24599 | Gauntlet | Found a large runed translucent door.
 24600 | Gauntlet | Found a large runed translucent door.
 24609 | Gauntlet | Found a large runed translucent door.
 24609 | Gauntlet | Found a large runed translucent door.
 24609 | Gauntlet | Found a runed translucent door.
 24609 | Gauntlet | Found a runed translucent door.
 24610 | Gauntlet | Found a large runed translucent door.
 24611 | Gauntlet | Found a large runed translucent door.
 24613 | Gauntlet | Found a transporter.
 24633 | Gauntlet | Found a transporter.
 24695 | Gauntlet | Paralysed by a floating eye for 4 turns
 24708 | Gauntlet | Gained mutation: You are dopey. (Int -2) [a shining eye]
 24710 | Gauntlet | Gained mutation: Your spells are a little harder to cast,
                  | but a little more powerful. [a shining eye]
 24714 | Gauntlet | Gained mutation: You are weak. (Str -2) [a shining eye]
 24717 | Gauntlet | Gained mutation: Armour fits poorly on your strangely
                  | shaped body. [a shining eye]
 24718 | Gauntlet | Gained mutation: You are very weak. (Str -4) [a shining
                  | eye]
 24720 | Gauntlet | Gained mutation: Your body sometimes deteriorates upon
                  | taking damage. [a shining eye]
 24725 | Gauntlet | Gained mutation: You tend to lose your temper in combat. [a
                  | shining eye]
 24816 | Gauntlet | HP: 3/113 [poisoned by a reaper]
 24816 | Gauntlet | Annihilated by a reaper

Illustrated notes

Levels and vault maps discovered:
D:1:      minmay_arrival_stair_chambers, layout_rooms
D:2:      layout_rooms, chequers_ecumenical_altar_simple_redux
D:3:      kennysheep_big_flooded_room, layout_basic, uniq_sigmund
D:4:      layout_loops_cross, serial_shops, shop
D:5:      layout_loops_cross, minmay_temple_entry_purple_smoke,
          kennysheep_big_empty_room
D:6:      minmay_general_purpose_star, layout_cave_pools, portal_sewer_entry_d,
          gammafunk_ghost_stat_death
D:7:      layout_basic, grunt_qazlal_clouds, gammafunk_ghost_wrathful_warriors,
          hangedman_decor_growths, uniq_menkaure
D:8:      layout_basic, enter_bailey_6, minmay_fire_ice_demons
D:9:      layout_loops_cross, gammafunk_ghost_hydra_chop
D:10:     layout_roguey, patterned_corridor, uniq_sonja
D:11:     wad_arrow_thing, layout_cave_pools, erik_lair_dragon, uniq_maurice
Lair:1:   layout_loops_ring
Lair:2:   layout_concentric_octagons, nicolae_swamp_entry_splash_gauntlet,
          nicolae_quartered_pool_medium, uniq_harold
Lair:3:   layout_regular_city, chequers_serial_rivers_large_b
Lair:4:   layout_hall_layers, spider_nest_entry_webs, minmay_holes, uniq_kirke
Lair:5:   layout_layer_cave, minivault_23, amcnicky_mini_pool_medium
Lair:6:   due_jungle_book, layout_cave_pods, slime_altar_2,
          gauntlet_entry_generic, minmay_lair_drake_nest, lemuel_fruit_fields
Gauntlet: gammafunk_gauntlet_one_two_three
          [gammafunk_gauntlet_arena_arrow_garden, nicolae_gauntlet_swirl,
          gammafunk_gauntlet_arena_grid, gammafunk_gauntlet_arena_hedges,
          nicolae_gauntlet_arena_blocks, gammafunk_gauntlet_arena_teeth,
          nicolae_gauntlet_arena_quarters, nicolae_gauntlet_arena_grate_2,
          minmay_gauntlet_arena_make_your_own_arena, gauntlet_exit_green]

Skill      XL: |  1  2  3  4  5  6  7  8  9 10 11 12 13 14 |
---------------+-------------------------------------------+-----
Short Blades   | 1 2 3 4 5 6 7 8 9 |  9.6
Long Blades    | 1 2 3 4 5 6 7 8 9 |  9.6
Maces & Flails | 1 2 3 4 5 6 7 8 9 |  9.6
Polearms       | 1 2 3 4 5 6 7 8 9 |  9.6
Staves         | 1 2 3 4 5 6 7 8 9 |  9.6
Slings         | 1 2 3 4 5 6 7 8 9 |  9.6
Bows           | 1 2 3 4 5 6 7 8 9 |  9.6
Crossbows      | 1 2 3 4 5 6 7 8 9 |  9.6
Throwing       | 1 2 3 4 5 6 7 8 9 |  9.6
Stealth        | 1 2 3 4 5 6 7 8 9 |  9.6
Shields        | 1 2 3 4 5 6 7 8 9 |  9.6
Unarmed Combat | 1 2 3 4 5 6 7 8 9 |  9.6
Spellcasting   | 1 2 3 4 5 6 7 8 9 |  9.6
Evocations     | 1 2 3 4 5 6 7 8 9 |  9.6
Conjurations   | 1 2 3 4 5 6 7 8 |  8.0
Hexes          | 1 2 3 4 5 6 7 8 |  8.0
Summonings     | 1 2 3 4 5 6 7 8 |  8.0
Necromancy     | 1 2 3 4 5 6 7 8 |  8.0
Translocations | 1 2 3 4 5 6 7 8 |  8.0
Transmutations | 1 2 3 4 5 6 7 8 |  8.0
Fire Magic     | 1 2 3 4 5 6 7 8 |  8.0
Ice Magic      | 1 2 3 4 5 6 7 8 |  8.0
Air Magic      | 1 2 3 4 5 6 7 8 |  8.0
Earth Magic    | 1 2 3 4 5 6 7 8 |  8.0
Poison Magic   | 1 2 3 4 5 6 7 8 |  8.0
Dodging        | 3 4 5 6 7 8 9 |  9.9
Invocations    | 5 6 7 8 9 10 11 | 11.3
Axes           | 5 6 7 8 9 10 | 10.6
Armour         | 5 6 7 8 9 10 | 10.6
Fighting       | 7 8 9 10 11 | 11.4

Action                   |  1- 3 |  4- 6 |  7- 9 | 10-12 | 13-15 || total
-------------------------+-------+-------+-------+-------+-------++-------
Melee: Hand axe          |   119 |   113 |    34 |       |       ||   266
       Bite              |    10 |     8 |    25 |    82 |    91 ||   216
       Punch             |       |     1 |     1 |       |       ||     2
       War axe           |       |       |   241 |   295 |       ||   536
       Scimitar          |       |       |       |   261 |   569 ||   830
       Unarmed           |       |       |       |       |    16 ||    16
Throw: Dart              |       |     2 |    37 |    31 |    44 ||   114
Invok: Depart the Abyss  |     1 |       |       |     1 |       ||     2
       Banish            |       |       |     6 |     4 |     8 ||    18
       Bend Space        |       |       |     2 |       |     2 ||     4
       Corrupt           |       |       |       |       |     1 ||     1
Evoke: Wand              |       |       |       |     4 |       ||     4
  Use: Potion            |     2 |     4 |     2 |     3 |     5 ||    16
       Scroll            |     1 |     3 |    10 |     7 |     8 ||    29
 Stab: Sleeping          |       |       |       |     7 |     8 ||    15
Armor: Leather armour    |     3 |       |       |       |       ||     3
       Chain mail        |   121 |   119 |   109 |       |       ||   349
       Plate armour      |       |       |   370 |    81 |       ||   451
       Acid dragon scale |       |       |       |   230 |   214 ||   444
Dodge: Dodged            |    50 |    39 |   179 |   368 |   436 ||  1072
Block: Buckler           |       |       |    20 |   168 |   201 ||   389

Table legend: (Time is in decaauts)
 A = Elapsed time spent in this place.
 B = Non-inter-level travel time spent in this place.
 C = Inter-level travel time spent in this place.
 D = Time resting spent in this place.
 E = Time spent auto-exploring this place.
 F = Levels seen in this place.
 G = Mean time per level.
                   A        B        C        D        E       F      G
               +--------+--------+--------+--------+--------+-----+--------+
         Total |  24964 |  24149 |    815 |   4942 |  13704 |  22 | 1134.7 |
       Dungeon |  15839 |  15163 |    676 |   3275 |   8612 |  11 | 1439.9 |
          Lair |   7614 |   7475 |    139 |   1260 |   4749 |   6 | 1269.0 |
         Abyss |    167 |    167 |      0 |      0 |    122 |   3 |   55.7 |
        Bailey |     19 |     19 |      0 |      0 |      9 |   1 |   19.0 |
      Gauntlet |   1323 |   1323 |      0 |    407 |    212 |   1 | 1323.0 |
               +--------+--------+--------+--------+--------+-----+--------+

Top non-repeatable levels by time:
     D:7: 2426 daAuts
  Lair:5: 2325 daAuts
     D:8: 2060 daAuts
     D:6: 2000 daAuts
    D:11: 1794 daAuts
  Lair:1: 1684 daAuts
  Lair:2: 1573 daAuts
  Lair:3: 1485 daAuts
     D:5: 1437 daAuts
Gauntlet: 1323 daAuts
    D:10: 1290 daAuts
     D:9: 1240 daAuts
     D:4: 1190 daAuts
     D:3: 978 daAuts
     D:2: 824 daAuts
